Map: [ESL] Moondance

Players

Elazer - Winner!

  • Race: Zerg Zerg
  • Spawn Location: 6:00

Solar

  • Race: Zerg Zerg
  • Spawn Location: 12:00

Event: DreamHack SC2 Masters 2022 Valencia

VOD

Have the link to the VOD?

Description

Time

  • Played on: July 2, 2022, 6:47 a.m.
  • Length: 7:27

All games in this series

Show
View Real Time Build Order
Export as new Build Order

Elazer Zerg - Winner!

Build Orders: Hatch First 

Get SALT Encoding   

  12  0:00  Drone  
  13  0:11  Overlord  
  13  0:16  Drone  
  14  0:30  Drone x2  
  16  0:46  Hatchery  
  15  0:50  Drone  
  15  0:53  Drone  
  17  1:07  Spawning Pool  
  17  1:10  Drone  
  17  1:13  Drone  
  17  1:17  Drone  
  19  1:35  Hatchery  
  18  1:41  Drone x2  
  20  1:55  Zergling x2  
  20  1:57  Queen  
  20  1:58  Zergling x2  
  24  2:03  Zergling x2  
  25  2:11  Zergling x2  
  25  2:26  Drone x2  
  26  2:30  Drone  
  26  2:36  Drone x2  
  28  2:41  Overlord  
  28  2:49  Drone x2  
  30  2:56  Drone x2  
  32  3:01  Drone  
  33  3:05  Queen  
  33  3:08  Drone x3  
  33  3:12  Overlord  
  38  3:14  Drone  
  38  3:17  Drone  
  38  3:18  Drone  
  41  3:20  Drone  
  41  3:29  Queen  
  41  3:32  Drone x4  
  47  3:35  Extractor  
  47  3:36  Extractor  
  47  3:37  Overlord  
  47  3:40  Drone  
  47  3:41  Drone  
  47  3:43  Drone  
  47  3:45  Drone  
  49  3:51  Drone, Extractor  
  49  3:55  Overlord, Queen  
  51  4:00  Drone x3  
  54  4:03  Drone x2  
  56  4:14  Drone x3  
  56  4:15  Drone x2  
  56  4:16  Drone  
  62  4:17  Drone x3, Extractor  
  62  4:21  Lair  
  64  4:26  Evolution Chamber  
  64  4:27  Overlord  
  64  4:30  Drone x2  
  65  4:39  Roach Warren  
  65  4:40  Drone  
  65  4:45  Extractor  
  64  4:46  Drone x5  
  64  4:49  Overlord  
  64  4:51  Zerg Missile Weapons Level 1, Drone  
  70  4:53  Drone  
  70  4:55  Overlord  
  70  4:56  Overlord  
  71  5:01  Evolution Chamber, Drone x2  
  71  5:02  Drone  
  73  5:07  Overlord  
  73  5:15  Overlord  
  73  5:19  Glial Reconstitution  
  73  5:21  Overseer  
  73  5:22  Roach x2  
  73  5:26  Hatchery  
  73  5:27  Roach x3  
  82  5:29  Roach  
  82  5:32  Zerg Ground Armor Level 1  
  86  5:35  Roach  
  86  5:36  Roach  
  86  5:39  Roach  
  86  5:41  Overlord  
  90  5:45  Roach x3  
  90  5:49  Roach x2  
  100  5:54  Overlord  
  100  5:55  Overlord  
  100  5:56  Roach  
  102  6:03  Roach x4  
  110  6:06  Overlord  
  110  6:08  Roach x2  
  114  6:13  Roach x3  
  114  6:15  Roach  
  122  6:20  Roach x3  
  122  6:24  Overlord  
  128  6:26  Roach x2  
  128  6:27  Roach  
  128  6:31  Roach x2  
  138  6:39  Roach x5  
  148  6:45  Roach x3  
  155  6:47  Ravager x4  
  155  6:49  Overlord  
  155  6:51  Roach  
Show
View Real Time Build Order
Export as new Build Order

Solar Zerg 

Build Orders: Pool First 

Get SALT Encoding   

  12  0:17  Spawning Pool  
  11  0:22  Drone  
  11  0:27  Drone  
  13  0:30  Drone  
  14  0:39  Overlord  
  14  1:03  Zergling x4  
  16  1:05  Zergling x2  
  17  1:16  Zergling x2  
  17  1:17  Hatchery  
  17  1:27  Zergling x2  
  18  1:33  Queen  
  18  1:37  Zergling x2  
  21  1:48  Overlord  
  21  1:59  Drone  
  22  2:08  Queen  
  22  2:09  Drone  
  25  2:21  Drone  
  21  2:30  Drone  
  21  2:31  Drone  
  21  2:32  Queen  
  24  2:40  Drone  
  24  2:41  Drone  
  24  2:42  Drone x2  
  28  2:44  Drone  
  29  2:54  Drone  
  30  2:58  Drone  
  31  3:07  Hatchery  
  31  3:10  Drone  
  31  3:13  Overlord  
  31  3:17  Drone  
  31  3:18  Drone  
  33  3:22  Drone  
  33  3:24  Drone  
  35  3:28  Drone, Extractor x2  
  35  3:32  Drone  
  35  3:34  Drone  
  35  3:40  Drone x3  
  39  3:44  Overlord  
  39  3:47  Drone  
  40  3:52  Evolution Chamber, Drone x2  
  40  3:55  Drone  
  42  3:58  Drone  
  42  3:59  Drone  
  44  4:07  Roach Warren  
  44  4:09  Drone x2  
  45  4:16  Lair  
  46  4:17  Drone  
  46  4:21  Drone  
  47  4:27  Overlord  
  47  4:30  Drone x4  
  51  4:33  Extractor  
  51  4:35  Drone x2  
  52  4:38  Zerg Missile Weapons Level 1  
  52  4:39  Drone  
  52  4:40  Drone  
  52  4:42  Extractor, Drone  
  52  4:45  Drone  
  55  4:47  Drone  
  55  4:48  Drone  
  55  4:51  Overlord  
  57  4:55  Roach x2  
  61  5:03  Evolution Chamber  
  61  5:04  Drone  
  61  5:06  Drone x5  
  66  5:08  Overlord  
  66  5:14  Overlord  
  66  5:16  Glial Reconstitution, Overseer  
  66  5:17  Drone  
  66  5:18  Drone  
  68  5:22  Drone x2, Extractor  
  68  5:23  Drone  
  68  5:28  Overlord  
  70  5:29  Zerg Ground Armor Level 1  
  70  5:39  Hatchery  
  71  5:42  Drone x2  
  71  5:45  Roach x3  
  71  5:46  Overlord  
  77  5:51  Overlord  
  77  5:52  Overlord  
  77  5:55  Overlord  
  77  5:56  Drone x2  
  79  5:58  Drone  
  79  6:00  Overlord  
  79  6:02  Overlord  
  80  6:05  Overlord  
  80  6:08  Roach  
  80  6:09  Roach  
  84  6:14  Roach x3  
  90  6:19  Roach x3  
  90  6:20  Ravager x2  
  90  6:22  Ravager x2  
  100  6:27  Roach x3  
  100  6:32  Drone x2  
  108  6:35  Roach x2  
  112  6:41  Overlord  
  112  6:42  Roach x2  
  116  6:47  Roach x2  
  116  6:48  Roach x2  
  116  6:50  Roach  
  116  6:52  Roach  
  128  6:54  Roach  
  128  6:56  Roach  
  128  6:57  Roach  
  128  6:59  Roach  
  128  7:00  Roach  
  138  7:02  Roach  
  138  7:05  Roach x2  

Tags
 
Add a new tag
Caveats
  • Supply blocks, unpowered buildings, or Contaminate may cause inaccurate times.
  • Supply counts are checked every 10 seconds.